General information
- name: BNet
- type: Ladder team game (AT/RT)
- host: Battle.net
- saver: BRAUMS
map: Mur'gulOasis
- players: 6
- length: 22:44
- speed: Fast
- version: 1.24 W3XP
- replay type: Public
» download(177 KB)
Players
team 1 (winner)
419 (
orange | 89 APM | 2030 actions | 22:43)
5 Death Knight
3 Death Coil
2 Unholy Aura
3 Lich
2 Frost Nova
1 Frost Armor
» actions
| Assign group hotkey | 30 | |
| Basic commands | 68 | |
| Build / train | 81 | |
| Enter build submenu | 17 | |
| Enter hero's abilities submenu | 8 | |
| Give item / drop item | 2 | |
| Remove unit from queue | 2 | |
| Right click | 896 | |
| Select / deselect | 321 | |
| Select group hotkey | 516 | |
| Use ability | 89 | |
2030 total
» units
| Acolyte | 7 | |
| Ghoul | 4 | |
| Crypt Fiend | 16 | |
| Obsidian Statue | 4 | |
31 total
» upgrades
| Creature Attack | 3 | |
| Web | 1 | |
| Burrow | 1 | |
| Creature Carapace | 3 | |
| Destroyer Form | 1 | |
| Unholy Strength | 1 | |
| Unholy Armor | 1 | |
| Exhume Corpses | 0 | |
| Disease Cloud | 0 | |
11 total
» buildings
| Crypt | 1 | |
| Ziggurat | 9 | |
| Altar of Darkness | 1 | |
| Graveyard | 1 | |
| Tomb of Relics | 1 | |
| Nerubian Tower | 1 | |
| Halls of the Dead | 4 | |
| Spirit Tower | 1 | |
| Slaughterhouse | 1 | |
| Black Citadel | 5 | |
| Sacrificial Pit | 1 | |
26 total
» build order
00:07 Crypt
00:10 Ziggurat
00:37 Altar of Darkness
00:57 Graveyard
01:23 Tomb of Relics
01:51 Ziggurat
02:01 Nerubian Tower
03:30 Halls of the Dead
03:30 Halls of the Dead
05:11 Ziggurat
06:41 Spirit Tower
07:24 Slaughterhouse
08:38 Ziggurat
09:00 Ziggurat
09:56 Black Citadel
09:57 Black Citadel
09:57 Black Citadel
18:14 Sacrificial Pit
19:57 Ziggurat
20:00 Ziggurat
20:04 Ziggurat
20:12 Ziggurat
» items
| Rod of Necromancy | 1 | |
| Potion of Healing | 2 | |
| Scroll of Town Portal | 2 | |
| Dust of Appearance | 1 | |
| Potion of Lesser Invulnerability | 1 | |
7 total
BRAUMS (
yellow | 88 APM | 2010 actions | 22:44)
5 Keeper of the Grove
3 Entangling Roots
2 Thorns Aura
4 Priestess of the Moon
2 Trueshot Aura
2 Searing Arrows
1 Pandaren Brewmaster
1 Breath of Fire
» actions
| Assign group hotkey | 25 | |
| Basic commands | 104 | |
| Build / train | 66 | |
| Enter build submenu | 26 | |
| Enter hero's abilities submenu | 10 | |
| Give item / drop item | 1 | |
| Right click | 952 | |
| Select / deselect | 394 | |
| Select group hotkey | 371 | |
| Use ability | 61 | |
2010 total
» units
| Wisp | 22 | |
| Archer | 5 | |
| Hippogryph | 10 | |
| Chimaera | 6 | |
43 total
» upgrades
| Strength of the Wild | 1 | |
| Reinforced Hides | 1 | |
| Corrosive Breath | 1 | |
| Ultravision | 1 | |
4 total
» buildings
| Altar of Elders | 1 | |
| Moon Well | 7 | |
| Hunter's Hall | 1 | |
| Ancient of War | 1 | |
| Ancient Protector | 4 | |
| Tree of Ages | 1 | |
| Ancient of Wonders | 1 | |
| Ancient of Wind | 4 | |
| Tree of Eternity | 1 | |
| Chimaera Roost | 2 | |
23 total
» build order
00:18 Altar of Elders
00:25 Moon Well
01:36 Hunter's Hall
02:00 Ancient of War
02:28 Moon Well
02:56 Ancient Protector
03:44 Tree of Ages
03:53 Moon Well
04:36 Ancient Protector
05:01 Ancient Protector
06:20 Ancient of Wonders
06:23 Ancient of Wind
06:25 Ancient of Wind
07:46 Ancient Protector
08:31 Ancient of Wind
08:31 Ancient of Wind
09:39 Tree of Eternity
09:45 Moon Well
09:47 Moon Well
12:37 Chimaera Roost
12:38 Chimaera Roost
13:27 Moon Well
18:12 Moon Well
» items
| Scroll of Town Portal | 2 | |
| Orb of Venom | 1 | |
| Potion of Healing | 1 | |
4 total
TACOENGINEER (
pink | 98 APM | 2223 actions | 22:43)
5 Blademaster
3 Wind Walk
2 Critical Strike
5 Tauren Chieftain
3 War Stomp
2 Endurance Aura
2 Naga Sea Witch
1 Frost Arrows
1 Forked Lightning
» actions
| Assign group hotkey | 108 | |
| Basic commands | 139 | |
| Build / train | 83 | |
| ESC pressed | 4 | |
| Enter build submenu | 21 | |
| Enter hero's abilities submenu | 12 | |
| Give item / drop item | 4 | |
| Right click | 1027 | |
| Select / deselect | 337 | |
| Select group hotkey | 300 | |
| Use ability | 187 | |
2223 total
» units
| Peon | 20 | |
| Grunt | 4 | |
| Raider | 3 | |
| Kodo Beast | 2 | |
| Troll Batrider | 1 | |
| Wind Rider | 2 | |
32 total
» upgrades
| Berserker Strength | 1 | |
| Ensnare | 1 | |
| Armor | 1 | |
| Melee Weapons | 1 | |
| War Drums Damage Increase | 1 | |
| Reinforced Defenses | 1 | |
| Envenomed Spears | 1 | |
| Pillage | 1 | |
| Liquid Fire | 1 | |
9 total
» buildings
| Altar of Storms | 1 | |
| Orc Burrow | 6 | |
| Voodoo Lounge | 1 | |
| Barracks | 1 | |
| Stronghold | 1 | |
| War Mill | 1 | |
| Watch Tower | 6 | |
| Beastiary | 2 | |
| Fortress | 1 | |
20 total
» build order
00:09 Altar of Storms
00:21 Orc Burrow
01:05 Voodoo Lounge
01:29 Barracks
02:29 Orc Burrow
03:03 Stronghold
04:04 War Mill
04:27 Orc Burrow
05:22 Watch Tower
05:24 Watch Tower
06:04 Beastiary
06:33 Beastiary
09:12 Fortress
09:13 Orc Burrow
14:36 Orc Burrow
15:03 Orc Burrow
17:31 Watch Tower
17:45 Watch Tower
19:05 Watch Tower
19:08 Watch Tower
» items
| Healing Salve | 5 | |
| Lesser Clarity Potion | 2 | |
| Scroll of Speed | 1 | |
| Rod of Necromancy | 1 | |
| Potion of Healing | 2 | |
| Scroll of Town Portal | 2 | |
| Scroll of Healing | 2 | |
| Orb of Corruption | 1 | |
16 total
team 2 (loser)
eli[t]e (
blue | 113 APM | 2486 actions | 21:56)
4 Priestess of the Moon
1 Searing Arrows
3 Trueshot Aura
» actions
| Assign group hotkey | 90 | |
| Basic commands | 8 | |
| Build / train | 42 | |
| Enter build submenu | 11 | |
| Enter hero's abilities submenu | 5 | |
| Give item / drop item | 1 | |
| Right click | 1005 | |
| Select / deselect | 990 | |
| Select group hotkey | 219 | |
| Use ability | 115 | |
2486 total
» units
» upgrades
| Strength of the Moon | 2 | |
| Moon Armor | 1 | |
3 total
» buildings
| Altar of Elders | 1 | |
| Moon Well | 5 | |
| Hunter's Hall | 1 | |
| Ancient of War | 2 | |
| Tree of Ages | 1 | |
10 total
» build order
00:06 Altar of Elders
00:18 Moon Well
02:02 Hunter's Hall
02:21 Ancient of War
02:36 Ancient of War
03:04 Moon Well
04:17 Moon Well
05:38 Moon Well
05:42 Moon Well
11:07 Tree of Ages
» items
| Scroll of Town Portal | 1 | |
| Scroll of Protection | 1 | |
| Scroll of Healing | 2 | |
| Potion of Healing | 1 | |
5 total
FoRReAi] (
green | 79 APM | 1786 actions | 22:43)
5 Death Knight
3 Death Coil
2 Unholy Aura
5 Lich
3 Frost Nova
2 Frost Armor
» actions
| Assign group hotkey | 248 | |
| Basic commands | 61 | |
| Build / train | 80 | |
| Enter build submenu | 17 | |
| Enter hero's abilities submenu | 10 | |
| Give item / drop item | 4 | |
| Right click | 923 | |
| Select / deselect | 304 | |
| Select group hotkey | 74 | |
| Use ability | 65 | |
1786 total
» units
| Acolyte | 2 | |
| Ghoul | 1 | |
| Crypt Fiend | 17 | |
| Frost Wyrm | 8 | |
28 total
» upgrades
| Burrow | 1 | |
| Web | 1 | |
| Creature Attack | 3 | |
| Creature Carapace | 3 | |
8 total
» buildings
| Graveyard | 1 | |
| Crypt | 2 | |
| Altar of Darkness | 2 | |
| Halls of the Dead | 3 | |
| Ziggurat | 9 | |
| Nerubian Tower | 1 | |
| Black Citadel | 2 | |
| Tomb of Relics | 1 | |
| Sacrificial Pit | 1 | |
| Boneyard | 3 | |
| Spirit Tower | 3 | |
28 total
» build order
00:09 Graveyard
00:14 Crypt
00:29 Altar of Darkness
00:34 Halls of the Dead
00:34 Halls of the Dead
00:40 Altar of Darkness
01:13 Ziggurat
01:28 Crypt
01:50 Ziggurat
02:00 Ziggurat
02:37 Nerubian Tower
03:04 Black Citadel
03:04 Black Citadel
03:23 Tomb of Relics
03:25 Ziggurat
04:59 Sacrificial Pit
06:16 Boneyard
06:17 Boneyard
06:32 Boneyard
07:23 Ziggurat
07:26 Ziggurat
07:28 Ziggurat
07:29 Ziggurat
15:38 Ziggurat
17:52 Spirit Tower
18:18 Spirit Tower
» items
| Rod of Necromancy | 1 | |
| Orb of Corruption | 3 | |
| Scroll of Town Portal | 5 | |
| Scroll of Protection | 1 | |
| Potion of Mana | 1 | |
| Scroll of Healing | 1 | |
12 total
WE.is.rank.1 (
purple | 71 APM | 1617 actions | 22:43)
2 Demon Hunter
1 Mana Burn
1 Evasion
» actions
| Assign group hotkey | 82 | |
| Build / train | 40 | |
| Enter build submenu | 6 | |
| Enter hero's abilities submenu | 2 | |
| Remove unit from queue | 3 | |
| Right click | 1152 | |
| Select / deselect | 216 | |
| Select group hotkey | 32 | |
| Use ability | 84 | |
1617 total
» units
» buildings
| Altar of Elders | 2 | |
| Moon Well | 3 | |
5 total
» build order
01:01 Altar of Elders
01:07 Moon Well
10:58 Altar of Elders
11:40 Moon Well
13:39 Moon Well
» items
| Boots of Speed | 1 | |
| Potion of Lesser Invulnerability | 3 | |
| Staff of Teleportation | 1 | |
| Scroll of Protection | 1 | |
6 total
Chat log
(00:29 / All) 419: LOAD HACK MY COCK U NIGGERS
(00:36 / All) eli[t]e: sorry about the load
(00:40 / All) 419: STFU
(00:46 / All) eli[t]e: hey guys
(00:51 / All) TACOENGINEER: D
(00:51 / All) TACOENGINEER: D
(00:52 / All) TACOENGINEER: d
(00:52 / All) 419: d
(00:52 / All) 419: d
(00:53 / All) TACOENGINEER: Dd
(00:54 / All) eli[t]e: lmfao
(01:39 / All) eli[t]e: orange u get really mad
(02:45 / All) eli[t]e: UD
(02:48 / All) eli[t]e: hi oj
(02:53 / All) eli[t]e: dam i good guesser
(05:29 / All) eli[t]e: y so bad
(08:17 / All) eli[t]e: WTF
(09:55 / All) BRAUMS: MAN
(09:56 / All) BRAUMS: FOR HAVING MAPHACK
(09:58 / All) BRAUMS: YOU GUYS ARE TERRIBLE
(10:03 / All) BRAUMS: HONESTLY JUST ALT QQ NOW AND SAVE YOURSELF THE SHAME
(13:11 / All) BRAUMS: JUST LEAVE
(13:19 / All) FoRReAi]: lose dk again plz
(13:26 / All) 419: that was once
(14:01 / All) 419: LOL
(14:05 / All) 419: BUILDING HACK
(14:06 / All) 419: LOAD HACK
(14:08 / All) 419: MAP HACK
(14:08 / All) BRAUMS: GOTTA MAKE YOUR INVINCIBLE BUILDINGS TO NOT LOSE?
(14:10 / All) BRAUMS: PATHETIC NERDS
(14:11 / All) 419: WHY EVEN PLAY THE GAME
(14:23 / All) WE.is.rank.1: d
(16:54 / All) BRAUMS: ETA ON THE RAGEQUIT?
(18:47 / All) 419: sad
(18:52 / All) 419: quad hacking
(18:54 / All) 419: and still
(18:56 / All) 419: lose
(19:17 / All) BRAUMS: YOU ARE ABOUT THE SADDEST NERDS IVE EVER PLAYEED LOL
(19:19 / All) WE.is.rank.1: LOL
(19:39 / All) BRAUMS: CLOSE FIGHT
(19:57 / All) BRAUMS: SO SAD
(20:03 / All) BRAUMS: LOL
(20:15 / All) BRAUMS: LL
(20:15 / All) TACOENGINEER: LAGMORE FUCKER
(21:00 / All) BRAUMS: HAHAHA
(21:25 / All) BRAUMS: PATHETIC NERDS
(21:38 / All) BRAUMS: LEAVE
(21:41 / All) BRAUMS: LOSE DK MORE LOL
(21:43 / All) 419: LOSE DK MORE
(21:52 / All) BRAUMS: LEAVE
(21:54 / All) BRAUMS: IM EMBARASSED FOR YOU
(21:55 / All) BRAUMS: THIS IS SAD
(21:56 / All) TACOENGINEER: RAPED NIGGERS
(22:19 / All) BRAUMS: YOU LOSE BY SCORE IDIOTS
(22:20 / All) BRAUMS: LEAVE
(22:26 / All) 419: SO
(22:27 / All) FoRReAi]: ill wasted ur time
(22:28 / All) 419: FUCKING
(22:29 / All) 419: SAD
(22:32 / All) BRAUMS: MY TIME IS MORE VALUABLE THAN YOUR'S?
(22:42 / All) FoRReAi]: ye